 Dungeon Crawl Stone Soup version 0.17.0-15-g6d90897 (webtiles) character file.

28 MDvedh the Skirmisher (level 2, -1/25 HPs)
             Began as a Minotaur Enchanter on Nov 10, 2015.
             Killed from afar by Terence (3 damage)
             ... with a wand of frost
             ... on level 2 of the Dungeon.
             The game lasted 00:02:11 (1387 turns).

MDvedh the Skirmisher (Minotaur Enchanter)          Turns: 1387, Time: 00:02:12

Health: -1/25      AC:  5    Str:  9 (12) XL:     2   Next: 96%
Magic:  3/3        EV: 10    Int: 17      God:
Gold:   45         SH:  0    Dex: 10      Spells: 1 memorised, 2 levels left

rFire  . . .     SeeInvis .     a - +1 dagger
rCold  . . .     Clarity  .     f - +0 ring mail
rNeg   . . .     SustAt   .     (no shield)
rPois  .         Gourm    .     (helmet restricted)
rElec  .         Spirit   .     (no cloak)
rCorr  .         Warding  .     (no gloves)
rMut   .         Stasis   .     (no boots)
MR     .....                    (no amulet)
Stlth  +.........               (no ring)
                                (no ring)

@: brilliant, not resistant to hostile enchantments, very unstealthy
A: retaliatory headbutt, horns 2
a: no special abilities


You were on level 2 of the Dungeon.
You were not hungry.

You visited 1 branch of the dungeon, and saw 2 of its levels.

You collected 45 gold pieces.

Inventory:

Hand Weapons
 a - a +1 dagger (weapon)
 e - a +0 club
Armour
 b - a +1 robe
 f - a +0 ring mail (worn)
Scrolls
 n - a scroll of remove curse {unknown}
Books
 c - a book of Maledictions

   Spells                             Type                      Level
   a - Corona                         Hexes                        1
   b - Ensorcelled Hibernation        Hexes/Ice                    2
   c - Confuse                        Hexes                        3
   d - Tukima's Dance                 Hexes                        3
   e - Dazzling Spray                 Conjuration/Hexes            3
Comestibles
 d - a bread ration
 h - a meat ration


   Skills:
 + Level 2.6 Fighting
 - Level 1.1 Short Blades
 + Level 1.4 Maces & Flails
 - Level 2.1 Dodging
 - Level 2.4 Stealth
 - Level 1.3 Spellcasting
 - Level 2.0 Hexes


You had 2 spell levels left.
You knew the following spells:

 Your Spells              Type           Power        Failure   Level  Hunger
a - Corona                Hex            ###....      3%          1    ##.....


Dungeon Overview and Level Annotations

Branches:
Dungeon (2/15)

Altars:
Nemelex Xobeh

Annotations:
D:2 Terence


Innate Abilities, Weirdness & Mutations

You reflexively headbutt those who attack you in melee.
You have a pair of horns on your head.


Message History

* * * LOW HITPOINT WARNING * * *
You are too injured to fight recklessly!
You are too injured to fight recklessly!
You are too injured to fight recklessly!
You are too injured to fight recklessly!
You are too injured to fight recklessly!
You are too injured to fight recklessly!
You aren't carrying any potions.
Read which item? (? for menu, Esc to quit)
As you read the scroll labeled WIGELO MAWUED, it crumbles to dust.
You feel aware of your surroundings.
You sensed 2 altars.
It was a scroll of magic mapping.
Terence shouts, "ATTACK!!!"
Terence closely misses you. You furiously retaliate!
You headbutt Terence, but do no damage.
Read which item? (? for menu, Esc to quit)
As you read the scroll labeled IMUROAVILODA, it crumbles to dust.
The scroll dissolves into smoke.
It was a scroll of fog.
Terence zaps a wand.
The puff of frost hits you!
You die...

***************,*,,*,* *,,,***,,
,,,,,,,,,,,,,,,,,,,*,* *,,,* *,,
******,,,******,****.## *,,,* **,
*,,*******,,,,*..##*,,,* *,
*,,,,,,,*****,#...##**** *,
******,,,***,*****,.....# *,
,,,,,,,,,* *,,,,,,,..#..## *,
*******,,##########.#_#..# **
*,,#....§§@@§..#...# *
*,,#.#######§......#*******
*******,,#.# #....####..,,,,,,,
,,,,,,,,,#.# #....# **,,,,,,,,
********,#.#####....####*,,,,,,,,
,,,,,,**,#..............,,,,,,,,,
,,,,,,**,#......#...####******≈,,
,*******,#......#...#≈≈,,,,,,,,≈,
,,,,,,,,,#.######...#≈_,≈,≈,≈,≈,,


You could see Terence.

Vanquished Creatures
  7 goblins (D:1)
  4 hobgoblins (D:1)
  3 bats (D:1)
  2 giant geckos (D:1)
  4 giant newts (D:1)
  3 kobolds (D:1)
  2 rats (D:1)
25 creatures vanquished.

Notes
Turn   | Place    | Note
--------------------------------------------------------------
     0 | D:1      | MDvedh the Minotaur Enchanter began the quest for the Orb.
     0 | D:1      | Reached XP level 1. HP: 14/14 MP: 1/1
    29 | D:1      | Reached skill level 1 in Fighting
   215 | D:1      | Reached XP level 2. HP: 24/24 MP: 3/3
   493 | D:1      | Reached skill level 1 in Maces & Flails
  1293 | D:2      | Found a sparkling altar of Nemelex Xobeh.
  1338 | D:2      | Found a faded altar to an unknown god.
  1343 | D:2      | Noticed Terence
  1385 | D:2      | HP: 1/25 [Terence/wand of frost (9)]
  1387 | D:2      | Killed from afar by Terence

Action                   || total
-------------------------++-------
Melee: Dagger            ||    70
  Use: Potion            ||     3
       Scroll            ||     2
 Stab: Sleeping          ||     2
  Eat: Chunk             ||     1
